 Dungeon Crawl Stone Soup version 0.27-a0-1191-g601b473118 (webtiles) character file.

Game seed: 8243921391145814502

18 ahrsahrtis the Ducker (level 2, -1/12 HPs)
             Began as a Felid Artificer on May 24, 2021.
             Succumbed to a kobold's poison
             ... on level 1 of the Dungeon.
             The game lasted 00:03:58 (1339 turns).

ahrsahrtis the Ducker (Felid Artificer)             Turns: 1339, Time: 00:03:59

Health: -1/12      AC:  1    Str:  8    XL:     2   Next: 51%
Magic:  3/3        EV: 18    Int: 12    God:
Gold:   24         SH:  0    Dex: 16    Spells: 1/1 levels left
                                        Lives:  0   Deaths: 0

rFire    . . .     SeeInvis +   (weapon unavailable)
rCold    . . .     Faith    .   (shield unavailable)
rNeg     . . .     Spirit   .   (armour unavailable)
rPois    .         Reflect  .   (helmet unavailable)
rElec    .         Harm     .   (cloak unavailable)
rCorr    .         Rampage  .   (gloves unavailable)
Will     .....                  (boots unavailable)
Stlth    ++........             (no amulet)
HPRegen  0.04/turn              (no ring)
MPRegen  0.08/turn              (no ring)

@: lethally poisoned (-1 -> -9), flying, quick
A: very small, claws 1, fangs 3, see invisible, speed 1, shaggy fur 1, stealthy
paws, no weapons or thrown items, no armour, multi-lived
a: no special abilities


You were on level 1 of the Dungeon.
You visited 1 branch of the dungeon, and saw 1 of its levels.

You collected 24 gold pieces.

Inventory:

Wands
 a - a wand of flame (11) (quivered)
 b - a wand of charming (15)
Scrolls
 e - a scroll of immolation {unknown}
Miscellaneous
 c - a piece from Xom's chessboard (15/15)


   Skills:
 * Level 1.4 Fighting
 * Level 3.5 Dodging
 + Level 2.1 Stealth
 * Level 0.5 Unarmed Combat
 + Level 3.4 Evocations


You had one spell level left.
You didn't know any spells.
Your spell library was empty.

Dungeon Overview and Level Annotations

Branches:
Dungeon (1/15)

Altars:


Innate Abilities, Weirdness & Mutations

You have sharp claws.
You have razor-sharp teeth.
You have supernaturally acute eyesight. (SInv)
You cover ground quickly. (Speed+)
You are covered in fur. (AC +1)
Your paws help you pounce on unaware monsters.
You are incapable of wielding weapons or throwing items.
You cannot wear armour.
You gain extra lives every three experience levels.


Message History

You barely miss the bat. The bat misses you.
There is an open door here.
You scratch the bat but do no damage. The bat barely misses you.
A bat is nearby!
You scratch the bat.
You kill the bat!
No target in view!
No target in view!
Found a stone staircase leading down.
Things that are here:
a +0 club; a +0 whip A bat comes into view.
A bat is nearby!
The helpless bat fails to defend itself.
You scratch the bat.
You kill the bat!
No target in view!
No target in view!
A kobold comes into view. It is wielding a +4 dagger of venom.
A bat comes into view.
The kobold misses you.
You closely miss the kobold.
The kobold hits you with a +4 dagger of venom.
You are lethally poisoned!
You are too injured to fight recklessly!
You are too injured to fight recklessly!
You are too injured to fight recklessly!
You are too injured to fight recklessly!
Aiming: Throw Flame
Press: ? - help, Shift-Dir - straight line, f - kobold
Aim: a kobold, wielding a +4 dagger of venom (64% to hit)
The puff of flame misses the kobold.
The puff of flame hits the bat.
You kill the bat!
You feel sick.
The kobold hits you with a +4 dagger of venom.
* * * LOW HITPOINT WARNING * * *
It was a potion of flight.
You feel very buoyant.
You fly up into the air.
You die...

..............#
###################
#............#
#.#########.## #.#
#.# #.# #.# #.# #.#
### #.# #.#
).####.# #@#
.......# #K#
>.###### #.# ..#
#.# ..# #.# ..# #.#
+## ..# ###


You could see a kobold.

Vanquished Creatures
  3 giant cockroaches (D:1)
  A goblin (D:1)
  2 hobgoblins (D:1)
  4 kobolds (D:1)
  3 ball pythons (D:1)
  5 bats (D:1)
  A frilled lizard (D:1)
19 creatures vanquished.

Notes
Turn   | Place    | Note
-------+----------+-------------------------------------------
     0 | D:1      | ahrsahrtis the Felid Artificer began the quest for the Orb.
     0 | D:1      | Reached XP level 1. HP: 9/9 MP: 2/2
   356 | D:1      | Reached XP level 2. HP: 3/12 MP: 3/3
  1339 | D:1      | Succumbed to a kobold's poison

Illustrated notes

Levels and vault maps discovered:
D:1:      mainiacjoe_arrival_reflecting_pool, layout_basic

Skill      XL: |  1  2 |
---------------+-------+-----
Stealth        | 2 |  2.1
Fighting       | |  1.4
Dodging        | |  3.5
Unarmed Combat | |  0.5
Evocations     | |  3.4

Action                   || total
-------------------------++-------
Melee: Unarmed           ||    77
       Bite              ||     5
Evoke: Wand              ||     4
  Use: Potion            ||     1
 Stab: Sleeping          ||     3
Armor: Skin              ||     1
Dodge: Dodged            ||    76

Table legend: (Time is in decaauts)
 A = Elapsed time spent in this place.
 B = Non-inter-level travel time spent in this place.
 C = Inter-level travel time spent in this place.
 D = Time resting spent in this place.
 E = Time spent auto-exploring this place.
 F = Levels seen in this place.
 G = Mean time per level.
                   A        B        C        D        E       F      G
               +--------+--------+--------+--------+--------+-----+--------+
         Total |   1249 |   1249 |      0 |    395 |    679 |   1 | 1249.0 |
       Dungeon |   1249 |   1249 |      0 |    395 |    679 |   1 | 1249.0 |
               +--------+--------+--------+--------+--------+-----+--------+

Top non-repeatable levels by time:
     D:1: 1249 daAuts
